 Dungeon Crawl Stone Soup version 0.20.0-10-g0535bb4 (webtiles) character file.

14 Goblin1989 the Sneak (level 2, -1/14 HPs)
             Began as a Spriggan Assassin on June 6, 2017.
             Slain by an orc
             ... wielding a +0 flail
              (9 damage)
             ... on level 5 of the Dungeon.
             The game lasted 00:05:03 (522 turns).

Goblin1989 the Sneak (Spriggan Assassin)             Turns: 522, Time: 00:05:03

Health: -1/14      AC:  3    Str:  7    XL:     2   Next: 31%
Magic:  3/3        EV: 17    Int: 12    God:
Gold:   0          SH:  0    Dex: 17    Spells: 1/1 levels left

rFire    . . .     SeeInvis +   a - +2 dagger
rCold    . . .     Gourm    .   (shield restricted)
rNeg     . . .     Faith    .   c - +0 robe
rPois    .         Spirit   .   (helmet restricted)
rElec    .         Reflect  .   d - +0 cloak
rCorr    .         Harm     .   (gloves unavailable)
MR       .....                  (boots unavailable)
Stlth    ++++......             (no amulet)
Regen    0.1/turn               (no ring)
MPRegen  0.1/turn               (no ring)

@: very quick
A: unfitting armour, see invisible, herbivore 3, speed 3, slow metabolism 2
a: no special abilities


You were on level 5 of the Dungeon.
You were full.

You visited 1 branch of the dungeon, and saw 5 of its levels.

Inventory:

Hand Weapons
 a - a +2 dagger (weapon)
 w - a +0 blowgun {@w1}
 z - a +0 hand axe
 S - a +0 halberd
 U - a +0 hunting sling
 X - the +8 hand axe of Unpleasantness {chop, MR- Dex+4, unknown}
   (You found it on level 4 of the Dungeon)

   It inflicts extra damage upon your enemies.
   It affects your dexterity (+4).
   It affects your resistance to hostile enchantments.
Missiles
 f - 2 curare-tipped needles
 g - 21 poisoned needles
 y - 17 sling bullets
 T - 22 stones
 Z - a throwing net (quivered) {!d}
Armour
 c - a +0 robe (worn)
 d - a +0 cloak (worn)
 B - a +0 robe
Jewellery
 x - an uncursed ring of protection from fire {unknown}
Scrolls
 V - a scroll of random uselessness {unknown}
 Y - a scroll of fear {unknown}
Potions
 C - a potion of mutation {unknown}
Books
 R - a book of Minor Magic

   Spells                             Type                      Level
   a - Magic Dart                     Conjuration                  1
   b - Blink                          Translocation                2
   c - Call Imp                       Summoning                    2
   d - Slow                           Hexes                        2
   e - Conjure Flame                  Conjuration/Fire             3
   f - Mephitic Cloud                 Conjuration/Poison/Air       3
Comestibles
 e - 3 bread rations {@e1}
 A - a royal jelly
 W - a meat ration {@e2}


   Skills:
 - Level 1.5 Fighting
 - Level 2.1 Short Blades
 - Level 2.0 Throwing
 - Level 1.5 Dodging
 + Level 6.9 Stealth


You had one spell level left.
You didn't know any spells.

Dungeon Overview and Level Annotations

Branches:
Dungeon (5/15)
 Temple: D:4-7

Altars:

Shops:
D:4 *(

Annotations:
D:4 exclusion: Natasha, Natasha
D:5 exclusion: jelly


Innate Abilities, Weirdness & Mutations

You are very small and have problems with some larger weapons.
You are too small for most types of armour.
You have supernaturally acute eyesight. (SInv)
You are a herbivore.
You cover ground extremely quickly.
You need consume almost no food.


Message History

The gnoll throws a throwing net.
The throwing net closely misses you.
You close the door.
You see here a throwing net {!d}.
Z - a throwing net (quivered)
{!d} A gnoll shaman comes into view. It is wielding a whip.
A gnoll comes into view. It is wielding a spear.
Something unseen opens the door.
You see here a bread ration {@e1}.
e - 2 bread rations {@e1} (gained 1)
Found Puet's Antique Weapon Shop.
You see here a scroll labeled XAOR UTIAXASCH.
Y - a scroll labeled XAOR UTIAXASCH You see here a polished hand axe.
X - a polished hand axe You open the door.
There is an open door here.
Found Xoath's Assorted Antiques.
There is an entrance to Xoath's Assorted Antiques here.
Marking area around Natasha as unsafe for travelling.
Natasha, Servant of Life and Death comes into view.
Found a stone staircase leading down.
You see here a meat ration {@e2}.
W - a meat ration {@e2} You see here a scroll labeled SENIREIC HURE. 2 jackals come into view.
You see here a scroll labeled SENIREIC HURE.
V - a scroll labeled SENIREIC HURE You enter a teleport trap!
The teleport trap disappears.
Your surroundings suddenly seem different. 2 gnolls and a gnoll shaman come into view.
The helpless gnoll fails to defend itself.
You impale the gnoll!!
You kill the gnoll!
You have reached level 2!
Health restored: 14; MP restored: 3 Unknown command.
A gnoll comes into view. It is wielding a whip.
The gnoll shouts!
A gnoll comes into view. It is wielding a spear.
Found an escape hatch in the ceiling.
You see here 13 poisoned needles.
g - 21 poisoned needles (gained 13)
The gnoll shouts!
The gnoll hits you with a whip.
You take 1 damage, and have 13/14 hp.
You see here a hunting sling.
U - a hunting sling You see here 22 stones.
T - 22 stones
There is an escape hatch in the ceiling here.
The gnoll barely misses you. The gnoll closely misses you.
The gnoll closely misses you.
The gnoll shouts!
The gnoll closely misses you. The gnoll barely misses you.
Health restored: 14
Found a stone staircase leading up.
Things that are here:
a halberd; a gnoll corpse
S - a halberd The gnoll shaman invokes the aid of its god against you.
You resist with some effort.
There are no objects that can be picked up here. a gnoll corpse The gnoll shaman calls upon its god to speed up the gnoll.
The gnoll seems to speed up.
The jackal barks!
There is a stone staircase leading down here.
The jackal barks!
You climb downwards.
There is a stone staircase leading up here.
You see here 2 fruits.
You eat one of the 2 fruits.
That lemon was rather sour... but delicious nonetheless!
You eat the fruit.
Mmmm...
Yummy watermelon.
Marking area around the jelly as unsafe for travelling.
A jelly comes into view.
Unknown command.
Found a stone staircase leading up.
A centaur and a howler monkey come into view.
A giant cockroach comes into view.
Unknown command.
You see here a bread ration {@e1}.
e - 3 bread rations {@e1} (gained 1) 4 orcs and an orc wizard come into view.
The orc shouts!
The orc moves out of view.
Found a stone staircase leading down.
Unknown command.
The orc shouts!
You see here a book of Minor Magic.
R - a book of Minor Magic The orc wizard shouts!
The orc wizard gestures at you while chanting.
The puff of flame hits you! The orc barely misses you. The orc misses you.
The orc misses you. The orc barely misses you. The orc hits you with a flail!
Ouch! That really hurt!
You die...

█.█ █..█
█.█ ██.█
█.█ .█
█.███ .█
█...█ .█
███.████
█....██
██.....█.█
█.@o.....█
█oooo.....
█.>......█
█......█.█
█.....██.█
█..████
█..█ █..█


You could see an orc wizard and 4 orcs.

Vanquished Creatures
  A gnoll (D:4)
  2 bats (D:1)
  A goblin (D:1)
  A frilled lizard (D:1)
  A rat (D:1)
6 creatures vanquished.

Notes
Turn   | Place    | Note
-------+----------+-------------------------------------------
     0 | D:1      | Goblin1989 the Spriggan Assassin began the quest for the Orb.
     0 | D:1      | Reached XP level 1. HP: 10/10 MP: 2/2
    53 | D:1      | Reached skill level 6 in Stealth
   270 | D:4      | Noticed a gnoll shaman
   289 | D:4      | Found Puet's Antique Weapon Shop.
   298 | D:4      | Got a polished hand axe
   312 | D:4      | Found Xoath's Assorted Antiques.
   322 | D:4      | Noticed Natasha
   363 | D:4      | Noticed a gnoll shaman
   364 | D:4      | Reached XP level 2. HP: 14/14 MP: 3/3
   431 | D:5      | Entered Level 5 of the Dungeon
   484 | D:5      | Noticed a centaur
   484 | D:5      | Noticed a howler monkey
   522 | D:5      | Slain by an orc

Skill      XL: |  1 |
---------------+----+-----
Stealth        | 6 |  6.9
Fighting       | |  1.5
Short Blades   | |  2.1
Throwing       | |  2.0
Dodging        | |  1.5

Action                   || total
-------------------------++-------
Melee: Dagger            ||    10
 Stab: Sleeping          ||     4
  Eat: Fruit             ||     2
Armor: Robe              ||     1
Dodge: Dodged            ||    15

Vault maps used:
D:1:      lightli_iron_boxes
D:2:      uniq_crazy_yiuf_cottage
D:3:      minmay_misc_feat_tiny
D:4:      minmay_temple_entry_purple_smoke, serial_shops, kennysheep_mini_moat,
          nicolae_shop_overgrown_old_shop, shop, nicolae_shop_window_shopping,
          first_bread, uniq_eustachio, uniq_edmund, uniq_natasha
D:5:      gammafunk_temple_overflow_forgotten, serial_shops, shop,
          makhleb_altar_promises_db
